 Adventure DCSS version bcrawl-1.27.3 (webtiles) character file.

Game seed: 10449305859189677768

330877 galech the Cleaver (level 10, 79/79 HPs)
             Began as a Demonspawn Fighter on Aug 6, 2020.
             Was an Elder of Okawaru.
             Quit the game on level 10 of the Dungeon.
             The game lasted 00:11:00 (7935 turns).

galech the Cleaver (Demonspawn Fighter)             Turns: 7935, Time: 00:11:01

Health: 79/79      AC: 18    Str: 24    XL:     10   Next: 41%
Magic:  11/11      EV:  9    Int: 15    God:    Okawaru [****..]
Gold:   585        SH: 18    Dex: 13    Spells: 9/9 levels left
                                        Lives:  1   Deaths: 1

rFire    + . .     SeeInvis .   B - +3 war axe of Intimidation {chop, Str+4}
rCold    + + .     Gourm    .   E - +0 medium shield {rC+}
rNeg     . . .     Faith    .   y - +4 chain mail {rC+}
rPois    .         Spirit   .   (helmet restricted)
rElec    .         Reflect  .   c - scarf {stasis}
rCorr    .         Harm     .   K - +1 pair of gloves
MR       .....                  f - +0 pair of boots
Stlth    +.........             I - amulet of Suexedy {Acrobat Stlth+}
HPRegen  0.23/turn              D - +2 ring of evasion
MPRegen  0.12/turn              C - +6 ring of intelligence

@: no status effects
A: horns 2, large bone plates 2, fire resistance 1, nightstalker 1, augmentation
1
a: Heroism, Renounce Religion


You were on level 10 of the Dungeon.
You worshipped Okawaru.
Okawaru was greatly pleased with you.
You were not hungry.

You visited 2 branches of the dungeon, and saw 11 of its levels.

You collected 848 gold pieces.
You spent 263 gold pieces at shops.

Inventory:

Hand Weapons
 B - the +3 war axe of Intimidation (weapon) {chop, Str+4}
   (You bought it in a shop on level 5 of the Dungeon)

   It will always inflict at least some extra damage.
   This minimum extra damage increases with your current reserve of magical
   power.
   It affects your strength (+4).
Armour
 c - a scarf of stasis (worn)
 f - a +0 pair of boots (worn)
 j - a scarf of clouds
 y - a +4 chain mail of cold resistance (worn)
 E - a +0 medium shield of cold resistance (worn)
 K - a +1 pair of gloves (worn)
Jewellery
 C - a +6 ring of intelligence (right hand)
 D - a +2 ring of evasion (left hand)
 I - the amulet of Suexedy (around neck) {Acrobat Stlth+}
   (You found it on level 8 of the Dungeon)

   [amulet of the acrobat]

   It helps you evade while moving and waiting.
   It makes you more stealthy.
Wands
 a - a wand of acid (4)
 G - a wand of iceblast (11)
 H - a wand of flame (21)
 N - a wand of disintegration (12)
 P - a wand of digging (6)
Scrolls
 d - a scroll of fear {unknown}
 h - 6 scrolls of enchant weapon
 l - 4 scrolls of fog
 m - 8 scrolls of remove curse
 o - 3 scrolls of amnesia
 q - a scroll of blinking
 s - 2 scrolls of enchant armour
 u - 2 scrolls of noise {unknown}
 v - 6 scrolls of identify
 w - 3 scrolls of magic mapping {unknown}
 J - a scroll of vulnerability {unknown}
 L - 2 scrolls of immolation {unknown}
 O - a scroll of teleportation {unknown}
Potions
 b - a potion of invisibility {unknown}
 g - 3 potions of heal wounds {unknown}
 i - a potion of lignification
 k - 2 potions of resistance {unknown}
 n - 3 potions of agility {unknown}
 p - 3 potions of flight {unknown}
 r - a potion of cancellation {unknown}
 t - 6 potions of curing {unknown}
 x - 2 potions of mutation {unknown}
 z - 2 potions of haste {unknown}
 A - a potion of brilliance {unknown}
 F - a potion of degeneration {unknown}
Comestibles
 e - 17 rations {!d}
 M - 5 chunks of flesh


   Skills:
 + Level 7.3 Fighting
 + Level 10.8 Axes
 + Level 6.6 Armour
 + Level 3.1 Dodging
 + Level 2.0 Stealth
 + Level 9.0 Shields
 + Level 1.4 Invocations


You had 9 spell levels left.
You didn't know any spells.
Your spell library contained the following spells:

 Spells                   Type           Power        Failure   Level  Hunger
 Beastly Appendage        Tmut           #.....       100%        1    None
 Magic Dart               Conj           #...         100%        1    None
 Blink                    Tloc           N/A          100%        2    ####...
 Call Imp                 Summ           #.....       100%        2    ####...
 Passwall                 Tmut/Erth      #.......     100%        2    ####...
 Searing Ray              Conj           #.......     100%        2    ####...
 Sticks to Snakes         Tmut           #.......     100%        2    ####...
 Conjure Flame            Conj/Fire      #.......     100%        3    #####..
 Iskenderun's Mystic Bla  Conj           #.......     100%        3    #####..
 Mephitic Cloud           Conj/Pois/Air  #.......     100%        3    #####..
 Spider Form              Tmut/Pois      #..          100%        3    #####..
 Fulminant Prism          Conj/Hex       #.........   100%        4    ######.
 Ice Form                 Ice/Tmut       #.......     100%        4    ######.
 Blade Hands              Tmut           #.........   100%        5    #######
 Irradiate                Conj/Tmut      #.........   100%        5    #######


Dungeon Overview and Level Annotations

Branches:
Dungeon (10/12)            Temple (1/1) D:4            Lair (0/6) D:8
    Orc: D:8-11

Altars:
Ashenzari
Cheibriados
Elyvilon
Gozag
Hepliaklqana
Lugonu
Makhleb
Okawaru
Qazlal
Ru
Trog
Uskayaw
Yredelemnul
The Shining One

Shops:
D:4 }:*   D:5 (*   D:6 (   D:8 *


Innate Abilities, Weirdness & Mutations

You have a pair of horns on your head.
You are mostly covered in large bone plates. (SH +6)
Your flesh is heat resistant. (rF+)
You are slightly more attuned to the shadows.
Your magical and physical power is slightly enhanced at high health.


Message History

You slash the orc priest!
The orc priest is almost dead.
You miss the yak. The yak gores you.
* * * LOW HITPOINT WARNING * * *
You bump into the rock wall.
Your hands slow down.
The orc priest hits you but does no damage.
The yak closely misses you.
You bump into the rock wall.
Something hits you but does no damage. Something bites you!
* * * LOW HITPOINT WARNING * * *
Something draws strength from your injuries!
The orc priest barely misses you. The yak gores you.
You die...
An orc wizard comes into view. It is wielding a +0 dagger.
Xom reaches out...
You are now level 10!
You rejoin the land of the living...
Found a stone staircase leading down.
Are you sure you want to abandon this character and quit the game? (Confirm with "yes".)

#......
>.....
.....
...#
..# #.#
#@# #.#
#.# #.#
#.# #.#
#.#


There were no monsters in sight!

Vanquished Creatures
  A centaur warrior (D:8)
  2 two-headed ogres
  A cyclops (D:9)
  An ugly thing (D:10)
  A manticore (D:9)
  A gargoyle (D:7)
  2 centaur skeletons
  A troll (D:7)
  2 hippogriffs
  Sigmund (D:6)
  4 yaks (D:10)
  A wraith (D:10)
  A wyvern (D:8)
  A vampire (D:8)
  A human (D:8)
  A basilisk (D:9)
  Grum (D:8)
  2 crocodiles
  Edmund (D:4)
  An acid dragon (D:10)
  2 porcupines (D:8)
  An ice beast (D:8)
  A phantom (D:8)
  6 orc warriors
  2 black bears
  A sky beast (D:6)
  A necrophage (D:5)
  2 wolves (D:8)
  3 ogres
  2 centaurs
  8 bullfrogs
  Blork the orc (D:5)
  A big kobold (D:7)
  A gnoll sergeant (D:5)
  4 scorpions
  7 wights (D:8)
  2 howler monkeys (D:6)
  4 crimson imps
  2 quasits
  3 hounds
  4 orc priests (D:9)
  A bullfrog zombie (D:5)
  10 orc wizards
  2 jellies (D:5)
  An iguana (D:6)
  8 worker ants
  A killer bee zombie (D:4)
  A hound skeleton (D:8)
  A worker ant zombie (D:4)
  12 adders
  2 shadow imps
  2 oozes
  2 adder zombies (D:7)
  A worm (D:6)
  2 adder skeletons
  2 dart slugs
  8 leopard geckos
  50 orcs
  4 ball pythons
  4 giant cockroaches
  2 goblins
  7 hobgoblins
  14 jackals
  3 quokkas
  9 bats
  A frilled lizard (D:3)
  13 kobolds
  6 rats
  A plant (D:8)
255 creatures vanquished.

Vanquished Creatures (others)
  16 fungi (D:8)
  5 plants (D:8)
21 creatures vanquished.

Grand Total: 276 creatures vanquished

Notes
Turn   | Place    | Note
-------+----------+-------------------------------------------
     0 | D:1      | galech the Demonspawn Fighter began the quest for the Orb.
     0 | D:1      | Reached XP level 1. HP: 18/18 MP: 1/1
   292 | D:1      | Gained mutation: You have a pair of small horns on your
                  | head. [demonic ancestry]
   292 | D:1      | Reached XP level 2. HP: 24/24 MP: 2/2
  1011 | D:2      | Reached skill level 2 in Axes
  1085 | D:2      | Gained mutation: You have a pair of horns on your head.
                  | [demonic ancestry]
  1085 | D:2      | Reached XP level 3. HP: 25/29 MP: 3/3
  1433 | D:2      | Gained mutation: Your flesh is heat resistant. (rF+)
                  | [demonic ancestry]
  1433 | D:2      | Reached XP level 4. HP: 28/35 MP: 4/4
  1702 | D:2      | Found a basalt altar of Yredelemnul.
  1994 | D:3      | Found a sacrificial altar of Ru.
  2060 | D:3      | Gained mutation: You are partially covered in large bone
                  | plates. (SH +4) [demonic ancestry]
  2060 | D:3      | Reached XP level 5. HP: 38/41 MP: 5/5
  2061 | D:3      | Reached skill level 3 in Axes
  2453 | D:3      | Found a burning altar of Makhleb.
  2787 | D:4      | Found Kirog's Gadget Shoppe.
  2868 | D:4      | Found Ehida's Assorted Antiques.
  2938 | D:4      | Noticed Edmund
  2943 | D:4      | Gained mutation: You are mostly covered in large bone
                  | plates. (SH +6) [demonic ancestry]
  2943 | D:4      | Reached XP level 6. HP: 48/48 MP: 6/6
  2949 | D:4      | Killed Edmund
  2949 | D:4      | Reached skill level 4 in Axes
  3022 | D:4      | Found a staircase to the Ecumenical Temple.
  3030 | Temple   | Entered the Ecumenical Temple
  3086 | Temple   | Became a worshipper of Warmaster Okawaru
  3189 | D:4      | Found a glowing golden altar of the Shining One.
  3258 | D:4      | Found Quefis's Book Shoppe.
  3536 | D:5      | Entered Level 5 of the Dungeon
  3543 | D:5      | Reached XP level 7. HP: 40/54 MP: 7/7
  3596 | D:5      | Found Toykle's Antique Weapon Boutique.
  3599 | D:5      | Bought a polished war axe for 263 gold pieces
  3599 | D:5      | Identified the +3 war axe of Intimidation {chop, Str+4}
                  | (You bought it in a shop on level 5 of the Dungeon)
  3613 | D:5      | Noticed Blork the orc
  3624 | D:5      | Killed Blork the orc
  3624 | D:5      | Reached skill level 1 in Dodging
  3687 | D:5      | Found a hide-covered altar of Uskayaw.
  3687 | D:5      | Found an opulent altar of Gozag.
  3688 | D:5      | Found a bloodstained altar of Trog.
  3731 | D:5      | Reached skill level 5 in Axes
  3731 | D:5      | Reached skill level 1 in Stealth
  3743 | D:5      | Reached * piety under Okawaru
  3744 | D:5      | Found Xululi's Assorted Antiques.
  3822 | D:5      | Found a stormy altar of Qazlal.
  3940 | D:5      | Found a shattered altar of Ashenzari.
  4170 | D:6      | Reached XP level 8. HP: 61/61 MP: 8/8
  4195 | D:6      | Reached skill level 5 in Shields
  4292 | D:6      | Found a snail-covered altar of Cheibriados.
  4330 | D:6      | Reached skill level 6 in Axes
  4448 | D:6      | Found Kocrykach's Weapon Boutique.
  4627 | D:6      | Noticed Sigmund
  4644 | D:6      | Killed Sigmund
  4644 | D:6      | Reached skill level 5 in Armour
  5051 | D:7      | Found a corrupted altar of Lugonu.
  5087 | D:7      | Noticed a gargoyle
  5092 | D:7      | Killed a gargoyle
  5092 | D:7      | Reached ** piety under Okawaru
  5093 | D:7      | Reached *** piety under Okawaru
  5093 | D:7      | Reached skill level 5 in Fighting
  5093 | D:7      | Reached skill level 7 in Axes
  5093 | D:7      | Gained mutation: You are slightly more attuned to the
                  | shadows. [demonic ancestry]
  5093 | D:7      | Reached XP level 9. HP: 62/68 MP: 6/9
  5294 | D:7      | Noticed a troll
  5302 | D:7      | Killed a troll
  5302 | D:7      | Reached skill level 8 in Axes
  5315 | D:7      | Noticed a two-headed ogre
  5327 | D:7      | Killed a two-headed ogre
  5327 | D:7      | Reached skill level 1 in Invocations
  5380 | D:7      | Reached **** piety under Okawaru
  5712 | D:7      | Reached XP level 10. HP: 74/75 MP: 10/10
  6319 | D:8      | Reached skill level 9 in Axes
  6324 | D:8      | Noticed Grum
  6338 | D:8      | Killed Grum
  6502 | D:8      | Noticed a centaur warrior
  6503 | D:8      | Found Kequle's General Store.
  6519 | D:8      | Killed a centaur warrior
  6519 | D:8      | Reached ***** piety under Okawaru
  6654 | D:8      | Got a pitted bronze amulet
  6655 | D:8      | Identified the amulet of Suexedy {Acrobat Stlth+} (You
                  | found it on level 8 of the Dungeon)
  6886 | D:8      | Found a staircase to the Lair.
  6894 | D:8      | Received a gift from Okawaru
  7091 | D:9      | Noticed a manticore
  7099 | D:9      | Killed a manticore
  7099 | D:9      | Reached skill level 10 in Axes
  7099 | D:9      | Gained mutation: Your magical and physical power is
                  | slightly enhanced at high health. [demonic ancestry]
  7099 | D:9      | Reached XP level 11. HP: 69/84 MP: 11/11
  7274 | D:9      | Noticed a cyclops
  7291 | D:9      | Killed a cyclops
  7342 | D:9      | Noticed a two-headed ogre
  7349 | D:9      | Killed a two-headed ogre
  7849 | D:10     | Entered Level 10 of the Dungeon
  7904 | D:10     | Noticed a brown ugly thing
  7919 | D:10     | Killed a brown ugly thing
  7934 | D:10     | HP: 1/84 [something (9)]
  7934 | D:10     | Slain by a yak
  7935 | D:10     | Reached XP level 10. HP: -2/79 MP: 4/11
  7935 | D:10     | Quit the game

Skill      XL: |  1  2  3  4  5  6  7  8  9 10 11 |
---------------+----------------------------------+-----
Armour         | 3 4 5 6 |  6.6
Axes           | 2 3 4 5 7 8 10 | 10.8
Shields        | 3 4 6 7 8 9 |  9.0
Fighting       | 4 5 7 |  7.3
Dodging        | 1 2 3 |  3.1
Stealth        | 1 2 |  2.0
Invocations    | 1 |  1.4

Action                   |  1- 3 |  4- 6 |  7- 9 | 10-12 || total
-------------------------+-------+-------+-------+-------++-------
Melee: War axe           |    99 |   143 |   225 |   259 ||   726
       Headbutt          |    13 |    31 |    44 |    57 ||   145
Invok: Heroism           |       |       |     3 |     6 ||     9
       Finesse           |       |       |       |     1 ||     1
  Use: Scroll            |     2 |     6 |       |       ||     8
       Potion            |       |     1 |     1 |       ||     2
 Stab: Paralysed         |       |     2 |       |       ||     2
       Distracted        |       |       |       |     1 ||     1
  Eat: Chunk             |     5 |    12 |    15 |    14 ||    46
Armor: Scale mail        |    63 |    61 |       |       ||   124
       Chain mail        |       |    21 |    79 |    77 ||   177
Dodge: Dodged            |    19 |    33 |    48 |    59 ||   159
Block: Medium shield     |    54 |   125 |   168 |   225 ||   572
